NCAA
MICHIGAN STATE SPARTANS @ SAINT JOHN'S RED STORM
05/17/2026
 
TOP OF THE 1ST
Michigan State Spartans batting - Pitching for Saint John's Red Storm : RHP Rob Larson
Pitching: RHP Rob Larson
Batting: RHB Jorge Carranza 0-0: Ball
1-0: Foul Ball, location: 2F
1-1: Foul Ball, location: 2F
1-2: Strikes out swinging
Batting: LHB Cliff Mills 0-0: Foul Ball, location: 2F
0-1: Swinging Strike
0-2: Ball
1-2: Ball
2-2: Strikes out swinging
Batting: RHB Ryan Nelson 0-0: Called Strike
0-1: Ball
1-1: Ball
2-1: Ball
3-1: Foul Ball, location: 2F
3-2: Base on Balls
Batting: LHB José Arce 0-0: Ball
1-0: Ball
2-0: Foul Ball, location: 2F
2-1: Swinging Strike
2-2: Ball
3-2: Foul Ball, location: 2F
3-2: Base on Balls
Ryan Nelson to second
Batting: RHB Arthur Hopkins 0-0: Fly out, F7 (Flyball, 7M)
Top of the 1st over - 0 run(s), 0 hit(s), 0 error(s), 2 left on base; Michigan State 0 - Saint John's 0
BOTTOM OF THE 1ST
Saint John's Red Storm batting - Pitching for Michigan State Spartans : RHP Ralph Williams
Pitching: RHP Ralph Williams
Batting: RHB Nick Crosby 0-0: Foul Ball, location: 2F
0-1: Foul Ball, location: 2F
0-2: Ball
1-2: Foul Ball, location: 2F
1-2: Strikes out swinging
Batting: RHB Miguel Hernández 0-0: Ball
1-0: Called Strike
1-1: Ball
2-1: Ball
3-1: Fly out, F9 (Line Drive, 9S)
Batting: RHB Brent Allen 0-0: Ball
1-0: Foul Ball, location: 2F
1-1: Ball
2-1: Fly out, F5 (Popup, 5F)
Bottom of the 1st over - 0 run(s), 0 hit(s), 0 error(s), 0 left on base; Michigan State 0 - Saint John's 0
TOP OF THE 2ND
Michigan State Spartans batting - Pitching for Saint John's Red Storm : RHP Rob Larson
Batting: RHB Ryan Miller 0-0: Ball
1-0: Called Strike
1-1: Fly out, F9 (Flyball, 89M)
Batting: RHB Nelson Wright 0-0: SINGLE (Groundball, 34D)
Batting: RHB Scott Juárez 0-0: Ball
1-0: Called Strike
1-1: Ball
2-1: Fly out, F6 (Line Drive, 56)
Batting: RHB Nick Whitehead 0-0: Called Strike
0-1: Ball
Nelson Wright steals 2nd base
1-1: Ball
2-1: Foul Ball, location: 2F
2-2: Fly out, F7 (Flyball, 7M)
Top of the 2nd over - 0 run(s), 1 hit(s), 0 error(s), 1 left on base; Michigan State 0 - Saint John's 0
BOTTOM OF THE 2ND
Saint John's Red Storm batting - Pitching for Michigan State Spartans : RHP Ralph Williams
Batting: RHB José Maldonado 0-0: Called Strike
0-1: Called Strike
0-2: Strikes out looking
Batting: LHB Félix Costa 0-0: Ground out U3 (Groundball, 3S)
Batting: RHB Jeffery Evans 0-0: Ball
1-0: Ball
2-0: Called Strike
2-1: Called Strike
2-2: Strikes out swinging
Bottom of the 2nd over - 0 run(s), 0 hit(s), 0 error(s), 0 left on base; Michigan State 0 - Saint John's 0
TOP OF THE 3RD
Michigan State Spartans batting - Pitching for Saint John's Red Storm : RHP Rob Larson
Batting: RHB Jorge Carranza 0-0: Called Strike
0-1: Ball
1-1: Foul Ball, location: 2F
1-2: SINGLE (Groundball, 5L) (infield hit)
Batting: LHB Cliff Mills 0-0: Ball
1-0: Ball
2-0: Called Strike
2-1: Ball
3-1: SINGLE (Line Drive, 9S)
Jorge Carranza to second
Batting: RHB Ryan Nelson 0-0: Called Strike
0-1: Ball
1-1: Foul Ball, location: 2F
1-2: SINGLE (Line Drive, 8RS)
Jorge Carranza to third
Cliff Mills to second
Runner from 3rd tries for Home, SAFE, no throw or cutoff
Batting: LHB José Arce 0-0: Ball
1-0: Foul Ball, location: 2F
1-1: Ball
2-1: Ball
3-1: Called Strike
3-2: Base on Balls
Cliff Mills to third
Ryan Nelson to second
Batting: RHB Arthur Hopkins 0-0: Called Strike
0-1: Fly out, F4 (Popup, 13)
Batting: RHB Ryan Miller 0-0: Ball
1-0: Called Strike
1-1: Swinging Strike
1-2: Ball
2-2: Ball
3-2: Base on Balls
Cliff Mills scores
Ryan Nelson to third
José Arce to second
Batting: RHB Nelson Wright 0-0: Foul Ball, location: 2F
0-1: Ball
1-1: Called Strike
1-2: Strikes out swinging
Batting: RHB Scott Juárez 0-0: Called Strike
0-1: Swinging Strike
0-2: Strikes out looking
Top of the 3rd over - 2 run(s), 3 hit(s), 0 error(s), 3 left on base; Michigan State 2 - Saint John's 0
BOTTOM OF THE 3RD
Saint John's Red Storm batting - Pitching for Michigan State Spartans : RHP Ralph Williams
Batting: LHB Robby Lawson 0-0: Swinging Strike
0-1: Swinging Strike
0-2: Ground out U3 (Groundball, 3L)
Batting: SHB Ray O'Dell 0-0: Called Strike
0-1: Swinging Strike
0-2: Strikes out swinging
Batting: RHB Sherman Cummings 0-0: Ball
1-0: Ball
2-0: Called Strike
2-1: Ball
3-1: Fly out, F7 (Flyball, 78S)
Bottom of the 3rd over - 0 run(s), 0 hit(s), 0 error(s), 0 left on base; Michigan State 2 - Saint John's 0
TOP OF THE 4TH
Michigan State Spartans batting - Pitching for Saint John's Red Storm : RHP Rob Larson
Batting: RHB Nick Whitehead 0-0: Foul Ball, location: 2F
0-1: Ball
1-1: Called Strike
1-2: Ball
2-2: Foul Ball, location: 2F
2-2: Foul Ball, location: 2F
2-2: Ball
3-2: Base on Balls
Batting: RHB Jorge Carranza 0-0: Called Strike
0-1: Ball
1-1: Ball
2-1: Ball
3-1: Base on Balls
Nick Whitehead to second
Pitching: LHP Bill Mace
Batting: LHB Cliff Mills 0-0: Called Strike
0-1: Ball
1-1: Ball
2-1: Foul Ball, location: 2F
2-2: SINGLE (Groundball, 34)
Nick Whitehead to third
Jorge Carranza to second
Batting: RHB Ryan Nelson 0-0: Ball
1-0: Ball
2-0: DOUBLE (Flyball, 8RM)
Nick Whitehead scores
Jorge Carranza scores
Cliff Mills to third
Batting: LHB José Arce 0-0: Foul Ball, location: 2F
0-1: Ball
1-1: Ground out 4-3 (Groundball, 4)
Cliff Mills scores
Ryan Nelson to third
Batting: RHB Arthur Hopkins 0-0: Ball
1-0: Ball
2-0: Ball
3-0: Called Strike
3-1: DOUBLE (Groundball, 5L)
Ryan Nelson scores
Batting: RHB Ryan Miller 0-0: Ball
1-0: Foul Ball, location: 2F
1-1: Ball
2-1: Ball
3-1: Base on Balls
Batting: RHB Nelson Wright 0-0: Foul Ball, location: 2F
0-1: Ball
1-1: Ball
2-1: Ball
3-1: Base on Balls
Arthur Hopkins to third
Ryan Miller to second
Batting: RHB Scott Juárez 0-0: Ball
1-0: Swinging Strike
1-1: Swinging Strike
1-2: Ball
2-2: Ball
3-2: Foul Ball, location: 2F
3-2: Base on Balls
Arthur Hopkins scores
Ryan Miller to third
Nelson Wright to second
Batting: RHB Nick Whitehead 0-0: Ball
1-0: Ball
2-0: Fly out, F7 (Flyball, 78M)
Runner from 3rd tags up, SCORES, throw made
Pitching: LHP Clifford Mason
Batting: RHB Jorge Carranza 0-0: Called Strike
0-1: Ball
1-1: Foul Ball, location: 2F
1-2: Ball
2-2: Ground out 6-3 (Groundball, 6)
Top of the 4th over - 6 run(s), 3 hit(s), 0 error(s), 2 left on base; Michigan State 8 - Saint John's 0
BOTTOM OF THE 4TH
Saint John's Red Storm batting - Pitching for Michigan State Spartans : RHP Ralph Williams
Batting: RHB Nick Crosby 0-0: Called Strike
0-1: Ball
1-1: Ball
2-1: Swinging Strike
2-2: Fly out, F9 (Flyball, 9M)
Batting: RHB Miguel Hernández 0-0: Ball
1-0: Ball
2-0: Foul Ball, location: 2F
2-1: Foul Ball, location: 2F
2-2: Ball
3-2: Foul Ball, location: 2F
3-2: Base on Balls
Batting: RHB Brent Allen 0-0: Foul Ball, location: 2F
0-1: Ball
1-1: Called Strike
1-2: Strikes out looking
Batting: RHB José Maldonado 0-0: Called Strike
0-1: Swinging Strike
0-2: Ball
1-2: Ball
2-2: Foul Ball, location: 2F
2-2: Ground out 4-3 (Groundball, 13)
Bottom of the 4th over - 0 run(s), 0 hit(s), 0 error(s), 1 left on base; Michigan State 8 - Saint John's 0
TOP OF THE 5TH
Michigan State Spartans batting - Pitching for Saint John's Red Storm : LHP Clifford Mason
Batting: LHB Cliff Mills 0-0: Ball
1-0: Ball
2-0: Foul Ball, location: 2F
2-1: Foul Ball, location: 2F
2-2: Strikes out looking
Batting: RHB Ryan Nelson 0-0: Ball
1-0: Ball
2-0: SINGLE (Flyball, 6MD)
Batting: LHB José Arce 0-0: Swinging Strike
0-1: Ball
1-1: Foul Ball, location: 2F
1-2: Fly out, F5 (Popup, 5SF)
Batting: RHB Arthur Hopkins 0-0: Foul Ball, location: 2F
0-1: Foul Ball, location: 2F
0-2: SINGLE (Groundball, 3S) (infield hit)
Ryan Nelson to second
Batting: RHB Ryan Miller 0-0: Ball
1-0: Ball
2-0: Ball
3-0: Called Strike
3-1: Called Strike
3-2: Foul Ball, location: 2F
3-2: Foul Ball, location: 2F
3-2: Strikes out swinging
Top of the 5th over - 0 run(s), 2 hit(s), 0 error(s), 2 left on base; Michigan State 8 - Saint John's 0
BOTTOM OF THE 5TH
Saint John's Red Storm batting - Pitching for Michigan State Spartans : RHP Ralph Williams
Batting: LHB Félix Costa 0-0: Ball
1-0: Hit by Pitch
Batting: RHB Jeffery Evans 0-0: Ball
1-0: Foul Ball, location: 2F
1-1: Fly out, F4 (Popup, 3F)
Batting: LHB Robby Lawson 0-0: Ball
1-0: DOUBLE (Line Drive, 78D)
Félix Costa to third
Runner from 3rd tries for Home, SAFE, no throw or cutoff
Batting: SHB Ray O'Dell 0-0: Called Strike
0-1: Called Strike
0-2: Fly out, F8 (Flyball, 8RM)
Batting: RHB Sherman Cummings 0-0: Ball
1-0: Ball
2-0: Ball
3-0: Base on Balls
Batting: RHB Nick Crosby 0-0: Fly out, F7 (Flyball, 7M)
Bottom of the 5th over - 1 run(s), 1 hit(s), 0 error(s), 2 left on base; Michigan State 8 - Saint John's 1
TOP OF THE 6TH
Michigan State Spartans batting - Pitching for Saint John's Red Storm : LHP Clifford Mason
Batting: RHB Nelson Wright 0-0: Called Strike
0-1: Ball
1-1: Ball
2-1: Ball
3-1: Fly out, F9 (Flyball, 89S)
Batting: RHB Scott Juárez 0-0: Swinging Strike
0-1: Foul Ball, location: 2F
0-2: Hit by Pitch
Batting: RHB Nick Whitehead 0-0: Fielders Choice at 2nd, 5-4 (Groundball, 5)
Batting: RHB Jorge Carranza 0-0: Called Strike
0-1: Ball
1-1: Called Strike
Nick Whitehead is caught stealing 2nd base
Top of the 6th over - 0 run(s), 0 hit(s), 0 error(s), 0 left on base; Michigan State 8 - Saint John's 1
BOTTOM OF THE 6TH
Saint John's Red Storm batting - Pitching for Michigan State Spartans : RHP Ralph Williams
Batting: RHB Miguel Hernández 0-0: Called Strike
0-1: Foul Ball, location: 2F
0-2: Foul Ball, location: 2F
0-2: Ball
1-2: Strikes out swinging
Batting: RHB Brent Allen 0-0: Swinging Strike
0-1: Ball
1-1: Swinging Strike
1-2: Strikes out swinging
Batting: RHB José Maldonado 0-0: Called Strike
0-1: Foul Ball, location: 2F
0-2: Strikes out swinging
Bottom of the 6th over - 0 run(s), 0 hit(s), 0 error(s), 0 left on base; Michigan State 8 - Saint John's 1
TOP OF THE 7TH
Michigan State Spartans batting - Pitching for Saint John's Red Storm : LHP Clifford Mason
Pitching: RHP Carlos Donis
Batting: RHB Jorge Carranza 0-0: Called Strike
0-1: Foul Ball, location: 2F
0-2: Ball
1-2: Strikes out swinging
Batting: LHB Cliff Mills 0-0: Ground out 5-3 (Groundball, 5S)
Batting: RHB Ryan Nelson 0-0: Called Strike
0-1: Foul Ball, location: 2F
0-2: Ball
1-2: Fly out, F9 (Flyball, 9S)
Top of the 7th over - 0 run(s), 0 hit(s), 0 error(s), 0 left on base; Michigan State 8 - Saint John's 1
BOTTOM OF THE 7TH
Saint John's Red Storm batting - Pitching for Michigan State Spartans : RHP Ralph Williams
Pitching: LHP Chris Bishop
Batting: LHB Félix Costa 0-0: Foul Ball, location: 2F
0-1: Called Strike
0-2: Ball
1-2: Foul Ball, location: 2F
1-2: Ground out 4-3 (Groundball, 4)
Batting: RHB Jeffery Evans 0-0: Ball
1-0: Fly out, F7 (Line Drive, 78M)
Batting: LHB Robby Lawson 0-0: Ball
1-0: Ball
2-0: Swinging Strike
2-1: Foul Ball, location: 2F
2-2: Ball
3-2: Foul Ball, location: 2F
3-2: Foul Ball, location: 2F
3-2: Base on Balls
Batting: SHB Ray O'Dell 0-0: Ball
1-0: Ball
2-0: Called Strike
2-1: Swinging Strike
2-2: Foul Ball, location: 2F
2-2: Fielders Choice at 2nd, 6-4 (Groundball, 6)
Bottom of the 7th over - 0 run(s), 0 hit(s), 0 error(s), 0 left on base; Michigan State 8 - Saint John's 1
TOP OF THE 8TH
Michigan State Spartans batting - Pitching for Saint John's Red Storm : RHP Carlos Donis
Batting: LHB José Arce 0-0: Swinging Strike
0-1: Called Strike
0-2: Ball
1-2: Ball
2-2: Strikes out swinging
Batting: RHB Arthur Hopkins 0-0: Called Strike
0-1: Swinging Strike
0-2: Foul Ball, location: 2F
0-2: Strikes out swinging
Batting: RHB Ryan Miller 0-0: Ball
1-0: Foul Ball, location: 2F
1-1: Called Strike
1-2: Strikes out swinging
Top of the 8th over - 0 run(s), 0 hit(s), 0 error(s), 0 left on base; Michigan State 8 - Saint John's 1
BOTTOM OF THE 8TH
Saint John's Red Storm batting - Pitching for Michigan State Spartans : LHP Chris Bishop
Batting: RHB Sherman Cummings 0-0: Hit by Pitch
Batting: RHB Nick Crosby 0-0: Called Strike
0-1: Ball
1-1: Ball
2-1: Ball
3-1: Swinging Strike
3-2: Base on Balls
Sherman Cummings to second
Batting: RHB Miguel Hernández 0-0: Swinging Strike
0-1: Foul Ball, location: 2F
0-2: Ball
1-2: Ball
2-2: Foul Ball, location: 2F
2-2: Ball
3-2: Grounds into double play, U4-3 (Groundball, 4)
Sherman Cummings to third
Batting: RHB Brent Allen 0-0: Hit by Pitch
Batting: RHB José Maldonado 0-0: Swinging Strike
0-1: Foul Ball, location: 2F
0-2: Ball
1-2: Fly out, F6 (Popup, 5D)
Bottom of the 8th over - 0 run(s), 0 hit(s), 0 error(s), 2 left on base; Michigan State 8 - Saint John's 1
TOP OF THE 9TH
Michigan State Spartans batting - Pitching for Saint John's Red Storm : RHP Carlos Donis
Batting: RHB Nelson Wright 0-0: Called Strike
0-1: Ball
1-1: Foul Ball, location: 2F
1-2: Ball
2-2: Fly out, F7 (Flyball, 78M)
Batting: RHB Scott Juárez 0-0: Called Strike
0-1: Swinging Strike
0-2: Foul Ball, location: 2F
0-2: Strikes out swinging
Batting: RHB Nick Whitehead 0-0: Ball
1-0: Ball
2-0: Ground out 6-3 (Groundball, 6)
Top of the 9th over - 0 run(s), 0 hit(s), 0 error(s), 0 left on base; Michigan State 8 - Saint John's 1
BOTTOM OF THE 9TH
Saint John's Red Storm batting - Pitching for Michigan State Spartans : LHP Chris Bishop
Now at 3B: Bennett McGee
Batting: LHB Félix Costa 0-0: Fly out, F8 (Line Drive, 8LM)
Batting: RHB Jeffery Evans 0-0: Called Strike
0-1: Ball
1-1: Ball
2-1: Swinging Strike
2-2: Ball
3-2: Base on Balls
Batting: LHB Robby Lawson 0-0: Swinging Strike
0-1: Foul Ball, location: 2F
0-2: Strikes out looking
Batting: SHB Ray O'Dell 0-0: Ball
1-0: Swinging Strike
1-1: Ball
2-1: Foul Ball, location: 2F
2-2: Fly out, F9 (Flyball, 9M)
Bottom of the 9th over - 0 run(s), 0 hit(s), 0 error(s), 1 left on base; Michigan State 8 - Saint John's 1
Monday, December 5th, 2016 - OOTP Baseball 17.12 Build 75